 Dungeon Crawl Stone Soup version 0.23-a0-141-g456867d (webtiles) character file.

78 galech the Skirmisher (level 4, -1/35 HPs)
             Began as a Demonspawn Monk on Aug 31, 2018.
             Succumbed to Sigmund's poison
             ... on level 2 of the Dungeon.
             The game lasted 00:02:14 (1572 turns).

galech the Skirmisher (Demonspawn Monk)             Turns: 1572, Time: 00:02:15

Health: -1/35      AC:  7    Str: 11    XL:     4   Next: 15%
Magic:  4/4        EV: 10    Int: 15    God:
Gold:   104        SH:  4    Dex: 16    Spells: 3/3 levels left

rFire    . . .     SeeInvis .   a - +0 hand axe
rCold    . . .     Gourm    .   (no shield)
rNeg     . . .     Faith    .   j - +0 scale mail
rPois    .         Spirit   .   (no helmet)
rElec    .         Reflect  .   (no cloak)
rCorr    .         Harm     .   (no gloves)
MR       .....                  d - +0 pair of boots
Stlth    +.........             (no amulet)
HPRegen  0.11/turn              k - +3 ring of intelligence
MPRegen  0.09/turn              (no ring)

@: lethally poisoned (-1 -> -29)
A: claws 1, large bone plates 1
a: no special abilities


You were on level 2 of the Dungeon.
You were not hungry.

You visited 1 branch of the dungeon, and saw 2 of its levels.

You collected 104 gold pieces.

Inventory:

Hand Weapons
 a - a +0 hand axe (weapon)
Armour
 d - a +0 pair of boots (worn)
 j - a +0 scale mail (worn)
Jewellery
 k - a +3 ring of intelligence (left claw)
Scrolls
 e - a scroll of blinking {unknown}
 g - a scroll of fear {unknown}
 h - a scroll of remove curse {unknown}
 n - a scroll of noise {unknown}
Potions
 b - 2 potions of brilliance {unknown}
 f - a potion of curing {unknown}
 i - a potion of degeneration {unknown}
 l - a potion of heal wounds {unknown}
Comestibles
 c - 4 rations
 m - a chunk of flesh


   Skills:
 + Level 3.5 Fighting
 + Level 3.5 Axes
 + Level 0.8 Armour
 + Level 3.0 Dodging
 + Level 2.0 Stealth


You had 3 spell levels left.
You didn't know any spells.
Your spell library was empty.

Dungeon Overview and Level Annotations

Branches:
Dungeon (2/15)

Altars:

Annotations:
D:2 Sigmund


Innate Abilities, Weirdness & Mutations

You have sharp fingernails.
You are partially covered in large bone plates. (SH +4)


Message History

You feel sick. Something hits you!
You are more poisoned.
You feel sick.
You feel sick.
You see here 4 gold pieces.
You feel sick.
You feel sick.
You feel sick.
You feel sick. Something hits you but does no damage.
You are more poisoned.
Your scale mail prevents you from hitting something.
You feel sick. Something hits you!
* * * LOW HITPOINT WARNING * * *
You are more poisoned.
Your scale mail prevents you from hitting something.
* * * LOW HITPOINT WARNING * * *
You feel very sick.
You hit something.
You die...

#############
##..[..#.....##
##....%....$.@.#
#...............#
#...............#
#...............#
#...............#
####...............#
#.................#######
>.####..................#
.##########.#####.......#


There were no monsters in sight!

Vanquished Creatures
  An orc wizard (D:2)
  An adder (D:2)
  2 dart slugs (D:1)
  2 worms (D:2)
  A leopard gecko (D:1)
  2 orcs (D:2)
  A ball python (D:1)
  3 giant cockroaches
  3 goblins (D:1)
  2 hobgoblins (D:1)
  3 jackals (D:1)
  3 bats (D:1)
  3 frilled lizards
  2 kobolds (D:1)
  6 rats (D:1)
35 creatures vanquished.

Notes
Turn   | Place    | Note
-------+----------+-------------------------------------------
     0 | D:1      | galech the Demonspawn Monk began the quest for the Orb.
     0 | D:1      | Reached XP level 1. HP: 18/18 MP: 1/1
    73 | D:1      | Gained mutation: You are partially covered in large bone
                  | plates. (SH +4) [demonic ancestry]
    73 | D:1      | Reached XP level 2. HP: 10/24 MP: 2/2
   867 | D:1      | Reached XP level 3. HP: 24/29 MP: 3/3
  1283 | D:2      | Gained mutation: You have sharp fingernails. [demonic
                  | ancestry]
  1283 | D:2      | Reached XP level 4. HP: 13/35 MP: 4/4
  1553 | D:2      | Noticed Sigmund
  1571 | D:2      | HP: 1/35 [poisoned by Sigmund]
  1572 | D:2      | Succumbed to Sigmund's poison

Vault maps used:
D:1:      dpeg_arrival_chambers_temple_mockup, serial_bayou_crossing
D:2:      uniq_sigmund, uniq_crazy_yiuf_cottage

Skill      XL: |  1  2  3 |
---------------+----------+-----
Axes           | 3 |  3.5
Stealth        | 2 |  2.0
Dodging        | 3 |  3.0
Fighting       | |  3.5
Armour         | |  0.8

Action                   |  1- 3 |  4- 6 || total
-------------------------+-------+-------++-------
Melee: Hand axe          |   117 |    16 ||   133
 Stab: Sleeping          |     3 |       ||     3
  Eat: Chunk             |     1 |     1 ||     2
Armor: Robe              |     5 |       ||     5
       Leather armour    |    19 |       ||    19
       Scale mail        |    24 |     4 ||    28
Dodge: Dodged            |    68 |     4 ||    72
Block: Other             |    20 |     5 ||    25

Table legend:
 A = Non-vault XP
 B = Vault XP
 C = Vault XP percentage of total XP
 D = Non-vault monster count
 E = Vault monster count
 F = Vault count percentage of total count
                 A         B        C        D         E       F
            +---------+---------+-------+---------+---------+-------
      Total |     112 |       0 |   0.0 |      35 |       0 |   0.0
            +---------+---------+-------+---------+---------+-------
        D:1 |      45 |       0 |   0.0 |      26 |       0 |   0.0
        D:2 |      67 |       0 |   0.0 |       9 |       0 |   0.0
            +---------+---------+-------+---------+---------+-------
